 Dungeon Crawl Stone Soup version 0.30.1-4-g462c640d31 (webtiles) character file.

Game seed: 10134174817595217025

284 wingedge the Digger (level 5, -18/41 HPs)
             Began as a Demigod Earth Elementalist on Aug 18, 2023.
             Killed by an exploding Robin (41 damage)
             ... ignited by their inner flame
             ... on level 4 of the Dungeon.
             The game lasted 00:09:24 (2958 turns).

wingedge the Digger (Demigod Earth Elementalist)    Turns: 2958, Time: 00:09:25

Health: -18/41     AC:  4    Str:  9    XL:     5   Next: 79%
Magic:  0/12       EV: 12    Int: 21    God:
Gold:   214        SH:  0    Dex: 14    Spells: 5/9 levels left

rFire   . . .        a - +1 halberd (freeze)
rCold   . . .        (shield currently unavailable)
rNeg    . . .        c - +0 robe
rPois   .            (no helmet)
rElec   .            l - +1 cloak
rCorr   .            (no gloves)
SInv    .            (no boots)
Will    .....        (no amulet)
Stlth   ++           f - ring of flight
HPRegen 0.26/turn    (no ring)
MPRegen 0.13/turn

%: no passive effects
@: lethally poisoned (-18 -> -34), about to teleport, flying
A: high MP 1, forlorn, divine attributes
a: no special abilities


You were on level 4 of the Dungeon.
You visited 1 branch of the dungeon, and saw 4 of its levels.

You collected 214 gold pieces.

Inventory:

Hand Weapons
 a - a +1 halberd of freezing (weapon)
 b - a +0 dagger of venom
Missiles
 q - 10 poisoned darts
Armour
 c - a +0 robe (worn)
 l - a +1 cloak (worn)
Jewellery
 f - a ring of flight (left hand)
Wands
 j - a wand of quicksilver (9)
Scrolls
 e - a scroll of amnesia
 n - a scroll of fog {unknown}
 o - a scroll of torment {unknown}
 p - a scroll of identify
Potions
 d - a potion of heal wounds {unknown}
 h - a potion of ambrosia {unknown}
 i - 6 potions of curing {unknown}
 m - a potion of magic


   Skills:
 + Level 2.2 Fighting
 - Level 2.0 Dodging
 - Level 3.0 Stealth
 + Level 2.8 Spellcasting
 + Level 2.1 Conjurations
 - Level 0.8 Transmutations
 + Level 3.7 Earth Magic


You had 5 spell levels left.
You knew the following spells:

 Your Spells              Type           Power      Damage    Failure   Level
a - Sandblast             Erth           36%        2d10      3%          1
b - Stone Arrow           Conj/Erth      30%        3d8       12%         3

Your spell library contained the following spells:

 Spells                   Type           Power      Damage    Failure   Level
 Magic Dart               Conj           44%        1d5       6%          1
 Passwall                 Tmut/Erth      10%        N/A       8%          2
 Apportation              Tloc           4%         N/A       14%         1
 Necrotise                Necr           8%         1d4       14%         1
 Summon Small Mammal      Summ           8%         N/A       14%         1
 Call Imp                 Summ           4%         N/A       21%         2
 Sublimation of Blood     Necr           2%         N/A       21%         2
 Mephitic Cloud           Conj/Pois/Air  5%         N/A       30%         3
 Petrify                  Tmut/Erth      12%        N/A       45%         4
 Irradiate                Conj/Tmut      4%         3d13      90%         5


Dungeon Overview and Level Annotations

Branches:
Dungeon (4/15)
 Temple: D:4-7

Shops:
D:4 ?

Annotations:
D:2 Sigmund
D:4 LynnLen's ghost, novice SpEn


Innate Abilities, Weirdness & Mutations

You have an increased reservoir of magic. (+10% MP)
You shall have no god before yourself.
Your divine heritage dramatically boosts your attributes as you level up.


Message History

Aim: Robin, wielding a +0 short sword of venom, wearing a +0 animal skin and wearing a +2 helmet of intelligence (77% to hit)
The stone arrow misses Robin.
Robin hits you with a +0 short sword of venom.
You are poisoned.
Casting: Stone Arrow (dangerous; 12% risk of failure)
Confirm with . or Enter, or press ? or * to list all spells.
Aiming: Stone Arrow (dangerous; 12% risk of failure)
Press: ? - help, Shift-Dir - straight line, f/p - Robin
Aim: Robin, wielding a +0 short sword of venom, wearing a +0 animal skin and wearing a +2 helmet of intelligence (77% to hit)
The stone arrow misses Robin.
You feel very sick.
Robin hits you with a +0 short sword of venom.
You are more poisoned.
Casting: Stone Arrow (dangerous; 12% risk of failure)
Confirm with . or Enter, or press ? or * to list all spells.
Okay, then.
As you read the scroll labelled LUDUWI DOTIGYATZ, it crumbles to dust.
It is a scroll of identify.
e - a scroll of amnesia You feel very sick.
Robin closely misses you.
As you read the scroll labelled DUCIEL VIROFU, it crumbles to dust.
The creatures around you are filled with an inner flame!
It was a scroll of immolation.
You feel very sick. Robin closely misses you.
As you read the scroll labelled CUFUOCR ECAST, it crumbles to dust.
You feel strangely unstable.
It was a scroll of teleportation.
You feel sick. Robin hits you but does no damage.
You are more poisoned.
Casting: Stone Arrow (dangerous; 12% risk of failure)
Confirm with . or Enter, or press ? or * to list all spells.
Aiming: Stone Arrow (dangerous; 12% risk of failure)
Press: ? - help, Shift-Dir - straight line, f/p - Robin
Aim: Robin, wielding a +0 short sword of venom, wearing a +0 animal skin and wearing a +2 helmet of intelligence (inner flame, 77% to hit)
The stone arrow hits Robin!!
Robin explodes!
The fiery explosion engulfs you!!!
Ouch! That really hurt!
You die...

.## ..# #.##.#
#.##.# #.##)# #
#.##.# # #.##.# .
# ... #.##)# .
.###...####.##@#
## .
....#.......ยงยง#
..# ##. .
...#....#.####
#.###.# #.
#....#.#.# #....#
#.. #..##.#.#
##....# #..#
##.##.#.#
###.....# ....#
##......#
#........
.##..##..##.###
.#.....#
.........##.#
###....#


There were no monsters in sight!

Vanquished Creatures
  2 scorpions (D:4)
  An orc priest (D:4)
  An orc wizard (D:4)
  Robin (D:4)
  4 adders
  2 worms
  3 dart slugs
  2 orcs (D:4)
  6 ball pythons
  4 bats
  4 endoplasms
  A giant cockroach (D:2)
  9 goblins
  12 hobgoblins
  5 kobolds
  A quokka (D:4)
  2 frilled lizards
  9 rats
69 creatures vanquished.

Vanquished Creatures (others)
  A human (D:3)
1 creature vanquished.

Grand Total: 70 creatures vanquished

Notes
Turn   | Place    | Note
-------+----------+-------------------------------------------
     0 | D:1      | wingedge the Demigod Earth Elementalist began the quest for
                  | the Orb.
     0 | D:1      | Reached XP level 1. HP: 14/14 MP: 5/5
   392 | D:1      | Reached XP level 2. HP: 20/20 MP: 5/7
  1200 | D:2      | Reached XP level 3. HP: 27/27 MP: 4/8
  1256 | D:2      | Noticed Sigmund
  1351 | D:1      | Reached skill level 1 in Fighting
  1441 | D:2      | Learned a level 3 spell: Stone Arrow
  1513 | D:3      | Reached skill level 1 in Conjurations
  1733 | D:3      | Noticed a human
  1736 | D:3      | Killed a human
  1841 | D:3      | Reached XP level 4. HP: 35/35 MP: 6/10
  2210 | D:4      | Noticed LynnLen's ghost (novice SpEn)
  2381 | D:4      | Found Etet's Magic Scroll Shop.
  2542 | D:4      | Reached XP level 5. HP: 32/41 MP: 7/11
  2834 | D:4      | Noticed Robin
  2958 | D:4      | Killed Robin
  2958 | D:4      | Killed by an exploding Robin... ignited by their inner
                  | flame

Illustrated notes

Levels and vault maps discovered:
D:1:      ebering_trefoil_twist, layout_basic, grunt_decor_clamped
D:2:      layout_loops_ring, uniq_sigmund
D:3:      layout_basic, tgw_kikubaaqudgha
D:4:      layout_loops_ring, mainiacjoe_overflow_boulevard, marbit_many_paths,
          lemuel_doored_altar, fedhas_altar_3, minmay_temple_entry_poolview,
          hellmonk_ghost_happy_afterlife, serial_shops,
          nicolae_inconvenience_store, palyth_stone_intersect,
          nicolae_shop_clearance, uniq_crazy_yiuf_cottage, uniq_robin

Skill      XL: |  1  2  3  4  5 |
---------------+----------------+-----
Stealth        | 2 3 |  3.0
Dodging        | 2 |  2.0
Spellcasting   | 2 |  2.8
Earth Magic    | 3 |  3.7
Fighting       | 1 2 |  2.2
Conjurations   | 1 2 |  2.1
Transmutations | |  0.8

Action                     |  1- 3 |  4- 6 || total
---------------------------+-------+-------++-------
  Melee: Halberd           |    18 |     1 ||    19
   Cast: Sandblast         |    63 |    40 ||   103
         Stone Arrow       |       |     5 ||     5
    Use: Scroll            |     1 |     5 ||     6
   Stab: Sleeping          |     3 |       ||     3
 Armour: Robe              |    18 |    10 ||    28
  Dodge: Dodged            |    25 |    13 ||    38
